 Dungeon Crawl Stone Soup version 0.22.1-1-ga44c0e5 (webtiles) character file.

200 rabbit the Magician (level 5, -4/37 HPs)
             Began as a Gnoll Wizard on Oct 11, 2018.
             Slain by a worm (12 damage)
             ... on level 2 of the Dungeon.
             The game lasted 00:08:12 (3056 turns).

rabbit the Magician (Gnoll Wizard)                  Turns: 3056, Time: 00:08:13

Health: -4/37      AC:  2    Str: 10    XL:     5   Next: 79%
Magic:  4/14       EV: 14    Int: 21    God:
Gold:   103        SH:  0    Dex: 13    Spells: 13/18 levels left

rFire    . . .     SeeInvis .   w - +2 dagger (venom)
rCold    . . .     Gourm    .   (no shield)
rNeg     . . .     Faith    .   a - +0 robe
rPois    .         Spirit   .   b - +0 hat
rElec    .         Reflect  .   (no cloak)
rCorr    .         Harm     .   (no gloves)
MR       .....                  (no boots)
Stlth    ++........             k - amulet of inaccuracy (curse)
HPRegen  0.12/turn              h - ring of attention (curse)
MPRegen  0.14/turn              (no ring)

@: no status effects
A: distributed training, fangs 1, strong nose
a: no special abilities


You were on level 2 of the Dungeon.
You were not hungry.

You visited 1 branch of the dungeon, and saw 2 of its levels.

You collected 103 gold pieces.

Inventory:

Hand Weapons
 j - a +0 short sword
 w - a +2 dagger of venom (weapon)
Missiles
 i - 86 stones (quivered)
 l - 22 arrows
 x - 17 sling bullets
Armour
 a - a +0 robe (worn)
 b - a +0 hat (worn)
Jewellery
 e - an uncursed amulet of rage
 h - a cursed ring of attention (left hand)
 k - a cursed amulet of inaccuracy (around neck)
Wands
 q - a wand of flame (28)
Scrolls
 g - a scroll of teleportation
 m - a scroll of fog {unknown}
 n - a scroll of remove curse {unknown}
 o - a scroll of enchant armour {unknown}
 p - a scroll of amnesia {unknown}
 r - a scroll of immolation {unknown}
 s - a scroll of fear {unknown}
 t - a scroll of random uselessness {unknown}
 u - a scroll of identify {unknown}
Potions
 c - a potion of haste {unknown}
 f - a potion of berserk rage {unknown}
 v - a potion of curing {unknown}
Comestibles
 d - 4 rations


   Skills:
 + Level 1.6 Fighting
 + Level 1.6 Short Blades
 + Level 1.6 Long Blades
 + Level 1.6 Axes
 + Level 1.6 Maces & Flails
 + Level 1.6 Polearms
 + Level 1.6 Staves
 + Level 1.6 Slings
 + Level 1.6 Bows
 + Level 1.6 Crossbows
 + Level 1.6 Throwing
 + Level 1.6 Armour
 + Level 4.8 Dodging
 + Level 4.4 Stealth
 + Level 1.6 Shields
 + Level 1.6 Unarmed Combat
 + Level 7.3 Spellcasting
 + Level 2.4 Conjurations
 + Level 1.2 Hexes
 + Level 1.2 Charms
 + Level 2.4 Summonings
 + Level 1.2 Necromancy
 + Level 2.4 Translocations
 + Level 1.2 Transmutations
 + Level 1.2 Fire Magic
 + Level 1.2 Ice Magic
 + Level 1.2 Air Magic
 + Level 1.2 Earth Magic
 + Level 1.2 Poison Magic
 + Level 1.8 Invocations
 + Level 1.6 Evocations


You had 13 spell levels left.
You knew the following spells:

 Your Spells              Type           Power        Failure   Level  Hunger
a - Magic Dart            Conj           ###.         3%          1    None
b - Call Imp              Summ           ###.....     4%          2    None
c - Blink                 Tloc           N/A          4%          2    None

Your spell library contained the following spells:

 Spells                   Type           Power        Failure   Level  Hunger
 Apportation              Tloc           ###...       3%          1    None
 Summon Small Mammal      Summ           ###.         3%          1    None
 Animate Skeleton         Necr           N/A          4%          1    None
 Confusing Touch          Hex            ##....       4%          1    None
 Slow                     Hex            ##......     8%          2    None
 Conjure Flame            Conj/Fire      ###.....     12%         3    None
 Mephitic Cloud           Conj/Pois/Air  ##......     13%         3    None


Dungeon Overview and Level Annotations

Branches:
Dungeon (2/15)

Altars:
Ru
Uskayaw


Innate Abilities, Weirdness & Mutations

Your experience applies equally to all skills.
You have very sharp teeth.
Your uncanny sense of smell can sniff out nearby items.


Message History

Unknown command.
You hit the worm.
You kill the worm!
You hit the rat.
You kill the rat!
A worm comes into view.
You hit the worm.
The worm is poisoned.
The worm is lightly wounded.
The worm bites you.
You closely miss the worm.
The worm is lightly wounded.
The worm misses you. The worm bites you!
* * * LOW HITPOINT WARNING * * *
You barely miss the worm.
The worm is severely wounded.
You hit the worm.
The worm looks even sicker.
The worm is almost dead.
The worm bites you!
You die...

#.............##.##...
#.....##########.†....
#.....###.##########.. ##
#..................... ..
#.....###.#......###.. ∆ #.
..........#.#........... ∆∆
#..#######.#.#.........###. ∆
# #......#.#.####......# ##
#.#.###.#..w@............####
#....)..#..#.#.####.....###..
......#####..#.#.####.....#
#.. ..... #..#.#.#........#
#.. .... #..#.#.#........#
#.÷ ### #..#.#.#....#######..
#..#.#†#####.....##.P
#..#.#.#####>###.##÷.
######.........#.##.P


You could see a worm.

Vanquished Creatures
  2 jellies (D:2)
  2 adders (D:2)
  7 oozes (D:2)
  A worm (D:2)
  5 dart slugs
  A leopard gecko (D:2)
  2 giant cockroaches
  4 goblins
  2 hobgoblins
  2 jackals (D:2)
  A ball python (D:2)
  8 bats
  2 frilled lizards (D:1)
  10 kobolds
  7 rats
56 creatures vanquished.

Vanquished Creatures (collateral kills)
  A jelly (D:2)
  A worm (D:2)
  6 kobolds (D:2)
8 creatures vanquished.

Vanquished Creatures (others)
  6 fungi (D:2)
  7 toadstools (D:2)
13 creatures vanquished.

Grand Total: 77 creatures vanquished

Notes
Turn   | Place    | Note
-------+----------+-------------------------------------------
     0 | D:1      | rabbit the Gnoll Wizard began the quest for the Orb.
     0 | D:1      | Reached XP level 1. HP: 13/13 MP: 8/8
   391 | D:1      | Reached XP level 2. HP: 19/19 MP: 7/10
   485 | D:1      | Learned a level 2 spell: Call Imp
   488 | D:1      | Learned a level 2 spell: Blink
   758 | D:1      | Reached XP level 3. HP: 25/25 MP: 7/11
  1556 | D:2      | Reached skill level 1 in Invocations
  1646 | D:2      | Reached skill level 1 in Fighting
  1646 | D:2      | Reached skill level 1 in Short Blades
  1646 | D:2      | Reached skill level 1 in Long Blades
  1646 | D:2      | Reached skill level 1 in Axes
  1646 | D:2      | Reached skill level 1 in Maces & Flails
  1646 | D:2      | Reached skill level 1 in Polearms
  1646 | D:2      | Reached skill level 1 in Staves
  1646 | D:2      | Reached skill level 1 in Slings
  1646 | D:2      | Reached skill level 1 in Bows
  1646 | D:2      | Reached skill level 1 in Crossbows
  1646 | D:2      | Reached skill level 1 in Throwing
  1646 | D:2      | Reached skill level 1 in Armour
  1646 | D:2      | Reached skill level 1 in Shields
  1646 | D:2      | Reached skill level 1 in Unarmed Combat
  1646 | D:2      | Reached skill level 1 in Evocations
  1836 | D:2      | Reached XP level 4. HP: 31/32 MP: 5/13
  2240 | D:2      | Reached skill level 1 in Hexes
  2240 | D:2      | Reached skill level 1 in Charms
  2240 | D:2      | Reached skill level 1 in Necromancy
  2240 | D:2      | Reached skill level 1 in Transmutations
  2240 | D:2      | Reached skill level 1 in Fire Magic
  2240 | D:2      | Reached skill level 1 in Ice Magic
  2240 | D:2      | Reached skill level 1 in Air Magic
  2240 | D:2      | Reached skill level 1 in Earth Magic
  2240 | D:2      | Reached skill level 1 in Poison Magic
  2285 | D:2      | Reached XP level 5. HP: 8/37 MP: 1/14
  2555 | D:2      | Found a hide-covered altar of Uskayaw.
  2555 | D:2      | Found a sacrificial altar of Ru.
  3056 | D:2      | Slain by a worm

Skill      XL: |  1  2  3  4 |
---------------+-------------+-----
Conjurations   | 2 |  2.4
Summonings     | 2 |  2.4
Translocations | 2 |  2.4
Invocations    | 1 |  1.8
Fighting       | 1 |  1.6
Short Blades   | 1 |  1.6
Long Blades    | 1 |  1.6
Axes           | 1 |  1.6
Maces & Flails | 1 |  1.6
Polearms       | 1 |  1.6
Staves         | 1 |  1.6
Slings         | 1 |  1.6
Bows           | 1 |  1.6
Crossbows      | 1 |  1.6
Throwing       | 1 |  1.6
Armour         | 1 |  1.6
Shields        | 1 |  1.6
Unarmed Combat | 1 |  1.6
Evocations     | 1 |  1.6
Hexes          | 1 |  1.2
Charms         | 1 |  1.2
Necromancy     | 1 |  1.2
Transmutations | 1 |  1.2
Fire Magic     | 1 |  1.2
Ice Magic      | 1 |  1.2
Air Magic      | 1 |  1.2
Earth Magic    | 1 |  1.2
Poison Magic   | 1 |  1.2
Dodging        | |  4.8
Stealth        | |  4.4
Spellcasting   | |  7.3

Action                   |  1- 3 |  4- 6 || total
-------------------------+-------+-------++-------
Melee: Short sword       |       |    13 ||    13
       Dagger            |       |     9 ||     9
       Bite              |       |     1 ||     1
Throw: Stone             |     1 |       ||     1
 Cast: Magic Dart        |    86 |    75 ||   161
       Call Imp          |     5 |     1 ||     6
  Use: Scroll            |     1 |       ||     1
 Stab: Distracted        |       |     1 ||     1
  Eat: Chunk             |     3 |       ||     3
       Ration            |       |     1 ||     1
Armor: Robe              |     7 |     5 ||    12
Dodge: Dodged            |    27 |    18 ||    45
